 Dungeon Crawl Stone Soup version 0.30-a0-799-g109b55a442 (webtiles) character file.

Game seed: 8965903015798422671

158 Farfigtubin the Sneak (level 5, -4/30 HPs)
             Began as a Kobold Brigand on Feb 20, 2023.
             Slain by an orc
             ... wielding a +0 hand axe
              (7 damage)
             ... on level 6 of the Dungeon on Feb 21, 2023.
             The game lasted 00:32:44 (2686 turns).

Farfigtubin the Sneak (Kobold Brigand)              Turns: 2686, Time: 00:32:45

Health: -4/30      AC:  3    Str:  8    XL:     5   Next: 67%
Magic:  5/5        EV: 14    Int: 13    God:
Gold:   231        SH:  0    Dex: 18    Spells: 4/4 levels left

rFire   . . .      SeeInvis .    a - +2 dagger
rCold   . . .      Faith    .    (no shield)
rNeg    . . .      Spirit   .    b - +0 robe
rPois   .          Reflect  .    (no helmet)
rElec   .          Harm     .    c - +0 cloak
rCorr   .          Rampage  .    (no gloves)
Will    .....                    (no boots)
Stlth   +++++                    (no amulet)
HPRegen 0.25/turn                (no ring)
MPRegen 0.09/turn                (no ring)

@: no status effects
A: small, no large weapons, nightstalker 3
a: no special abilities


You were on level 6 of the Dungeon.
You visited 1 branch of the dungeon, and saw 6 of its levels.

You collected 231 gold pieces.

Inventory:

Hand Weapons
 a - a +2 dagger (weapon)
Missiles
 d - 9 poisoned darts (quivered)
 e - 3 curare-tipped darts
 f - 55 stones
Armour
 b - a +0 robe (worn)
 c - a +0 cloak (worn)
Jewellery
 g - an amulet of magic regeneration
Wands
 s - a wand of digging (6)
 t - a wand of flame (13)
Scrolls
 h - a scroll of magic mapping {unknown}
 k - 6 scrolls of identify {unknown}
 l - 3 scrolls of silence {unknown}
 m - 3 scrolls of teleportation {unknown}
 n - a scroll of fear {unknown}
 p - a scroll of immolation {unknown}
 q - a scroll of poison {unknown}
 r - a scroll of enchant weapon {unknown}
 v - a scroll of enchant armour {unknown}
Potions
 i - 2 potions of flight {unknown}
 j - a potion of might {unknown}
 o - a potion of attraction {unknown}
 u - a potion of mutation {unknown}


   Skills:
 - Level 2.1 Fighting
 + Level 4.1 Short Blades
 - Level 2.1 Throwing
 - Level 1.2 Dodging
 * Level 7.5 Stealth
 + Level 2.2 Hexes


You had 4 spell levels left.
You didn't know any spells.
Your spell library contained the following spells:

 Spells                   Type           Power      Damage    Failure   Level
 Ensorcelled Hibernation  Hex/Ice        4%         N/A       30%         2
 Blink                    Tloc           0%         N/A       43%         2
 Lesser Beckoning         Tloc           0%         N/A       43%         2
 Momentum Strike          Conj/Tloc      0%         3d8       43%         2
 Frozen Ramparts          Ice            0%         1d1       67%         3
 Gell's Gravitas          Tloc           0%         N/A       67%         3
 Spider Form              Tmut/Pois      0%         N/A       67%         3
 Teleport Other           Tloc           0%         N/A       67%         3
 Anguish                  Hex/Necr       1%         N/A       89%         4
 Ice Form                 Ice/Tmut       0%         N/A       97%         4
 Manifold Assault         Tloc           0%         N/A       97%         4
 Summon Ice Beast         Ice/Summ       0%         N/A       97%         4
 Dispersal                Tloc           0%         N/A       100%        6
 Storm Form               Tmut/Air       0%         N/A       100%        7


Dungeon Overview and Level Annotations

Branches:
Dungeon (6/15)
 Temple: D:4-7

Altars:

Annotations:
D:5 Pikel


Innate Abilities, Weirdness & Mutations

You are small and have problems with some larger weapons.
You are completely attuned to the shadows.


Message History

The howler monkey hoots and howls with incredible vigour!
You hear a shout!
You hear an angry hiss.
You hear a howl!
The howler monkey hoots and howls with incredible vigour!
You hear a shout!
You hear an angry growl.
There is a stone staircase leading up here.
The howler monkey hoots and howls with incredible vigour!
You climb upwards.
You hear the sound of rushing water.
There is an entrance to a sewer on this level.
Hurry and find it before the portal rusts away!
Found a ring mail.
There is a stone staircase leading down here. 2 adders come into view.
A lemure comes into view.
Pikel and 2 lemures come into view.
Pikel is wielding a +2 whip of flaming.
Pikel shouts!
You hear a shout!
The lemure shouts! x2
The lemure hits you!
A lemure comes into view.
The lemure attacks as you move away! The lemure closely misses you.
The lemure attacks as you move away! The lemure hits you but does no damage.
The lemure attacks as you move away! The lemure hits you.
The lemure attacks as you move away! The lemure hits you!
You hear the slow rusting of a distant drain.
The lemure attacks as you move away! The lemure hits you.
* * * LOW HITPOINT WARNING * * *
The lemure attacks as you move away! The lemure closely misses you.
The lemure attacks as you move away! The lemure hits you.
Pikel says, "You'll make a fine lemure."
The lemure attacks as you move away! The lemure hits you but does no damage.
The lemure attacks as you move away! The lemure hits you.
* * * LOW HITPOINT WARNING * * *
There is a stone staircase leading down here.
The lemure hits you.
* * * LOW HITPOINT WARNING * * *
You climb downwards.
The water moccasin hisses angrily.
The howler monkey hits you.
* * * LOW HITPOINT WARNING * * *
The orc misses you. The howler monkey closely misses you.
The jelly hits you but does no damage. The orc hits you with a +0 hand axe!
You die...

.>.....#.# #.#
#.[.....#.## # #.####.
...........####.#
#...... #..............#
#..###.
###...#.#.###.######..#
.....o....# #.........#
##..##.#.###.######.##.#
#..##.#.....####.......
#..........SJ@o....##..
#..##.......5.h........
#..###...........#####
...# ##.#.#.###### #
#.#.# #.#.#


You could see a water moccasin, a lemure, a howler monkey, a jelly and an orc.

Vanquished Creatures
  Ijyb (D:3)
  An orc wizard (D:3)
  4 adders
  5 dart slugs
  2 orcs (D:3)
  3 endoplasms
  A giant cockroach (D:3)
  3 goblins
  5 hobgoblins
  11 kobolds
  4 quokkas
  8 ball pythons
  5 bats
  3 frilled lizards
  4 rats
60 creatures vanquished.

Notes
Turn   | Place    | Note
-------+----------+-------------------------------------------
     0 | D:1      | Farfigtubin the Kobold Brigand began the quest for the Orb.
     0 | D:1      | Reached XP level 1. HP: 12/12 MP: 1/1
   175 | D:1      | Reached XP level 2. HP: 17/17 MP: 2/2
   543 | D:1      | Reached skill level 6 in Stealth
   543 | D:1      | Reached skill level 1 in Hexes
   543 | D:1      | Reached XP level 3. HP: 19/21 MP: 3/3
  1216 | D:3      | Reached XP level 4. HP: 23/26 MP: 4/4
  1462 | D:3      | Found a faded altar of an unknown god.
  1793 | D:3      | Noticed Ijyb
  1797 | D:3      | Killed Ijyb
  1798 | D:3      | Reached skill level 7 in Stealth
  1798 | D:3      | Reached XP level 5. HP: 30/30 MP: 5/5
  2553 | D:4      | You fall into a shaft and drop 2 floors!
  2619 | D:5      | Entered Level 5 of the Dungeon
  2654 | D:5      | Noticed a lemure
  2656 | D:5      | Noticed Pikel
  2656 | D:5      | Noticed a lemure
  2656 | D:5      | Noticed a lemure
  2656 | D:5      | Noticed a lemure
  2686 | D:6      | Noticed a water moccasin
  2686 | D:6      | Slain by an orc

Illustrated notes

Levels and vault maps discovered:
D:1:      spicycebolla_green_bress_n_ham_2, layout_rooms, minmay_heptomino_l4
D:2:      layout_rooms
D:3:      layout_loops_corners, shapermc_ecumenical_altar_pompeii,
          chequers_serial_rivers_large_a, minmay_misc_feat_rows, hex_large,
          grunt_ministairs_13, minmay_starry_boxes, uniq_ijyb
D:4:      layout_basic, nicolae_overflow_hallway_of_the_gods,
          uniq_blork_the_orc, uniq_sigmund
D:5:      layout_layer_cave, gup_sewer_entry_glass, st_stairs_4,
          grunt_ministairs_8, uniq_grinder, uniq_pikel
D:6:      layout_loops_ring, patterned_corridor, uniq_duvessa, uniq_eustachio

Skill      XL: |  1  2  3  4  5 |
---------------+----------------+-----
Short Blades   | 3 4 |  4.1
Stealth        | 6 7 |  7.5
Hexes          | 1 2 |  2.2
Fighting       | |  2.1
Throwing       | |  2.1
Dodging        | |  1.2

Action                     |  1- 3 |  4- 6 || total
---------------------------+-------+-------++-------
  Melee: Dagger            |    56 |    86 ||   142
         Punch             |       |     1 ||     1
   Stab: Sleeping          |    21 |    10 ||    31
         Distracted        |     1 |     1 ||     2
 Armour: Robe              |     5 |    18 ||    23
  Dodge: Dodged            |    15 |    51 ||    66

Table legend: (Time is in decaauts)
 A = Elapsed time spent in this place.
 B = Non-inter-level travel time spent in this place.
 C = Inter-level travel time spent in this place.
 D = Time resting spent in this place.
 E = Time spent auto-exploring this place.
 F = Levels seen in this place.
 G = Mean time per level.
                   A        B        C        D        E       F      G
               +--------+--------+--------+--------+--------+-----+--------+
         Total |   2678 |   2678 |      0 |    182 |    187 |   6 |  446.3 |
       Dungeon |   2678 |   2678 |      0 |    182 |    187 |   6 |  446.3 |
               +--------+--------+--------+--------+--------+-----+--------+

Top non-repeatable levels by time:
     D:3: 1448 daAuts
     D:1: 633 daAuts
     D:2: 465 daAuts
     D:5: 66 daAuts
     D:6: 64 daAuts
